 Dungeon Crawl Stone Soup version 0.30-a0-782-ge64f9170bb (webtiles) character file.

Game seed: 11911787040958396451

2966 Crownlay the Martial Artist (level 9, -4/53 HPs)
             Began as an Octopode Transmuter on Feb 26, 2023.
             Was an Initiate of Ashenzari.
             Killed from afar by Erica (36 damage)
             ... with a bolt of poison
             ... on level 8 of the Dungeon.
             The game lasted 00:13:58 (8799 turns).

Crownlay the Martial Artist (Octopode Transmuter)   Turns: 8799, Time: 00:13:58

Health: -4/53      AC:  2    Str: 10    XL:     9   Next: 82%
Magic:  12/15      EV: 20    Int: 19    God:    Ashenzari [......]
Gold:   371        SH:  0    Dex: 23    Spells: 6/16 levels left

rFire   . . .      SeeInvis .      - Unarmed
rCold   . . .      Faith    .    (shield currently unavailable)
rNeg    . . .      Spirit   .    (helmet currently unavailable)
rPois   x          Reflect  .    (no amulet)
rElec   .          Harm     .    t - ring of the Omniscient Levity {Dex+6, Bglg, Elem} (curse)
rCorr   .          Rampage  .    (no ring)
Will    .....                    (no ring)
Stlth   ++++                     (no ring)
HPRegen 0.28/turn                (no ring)
MPRegen 0.14/turn                (no ring)
                                 (no ring)
                                 (no ring)

@: lethally poisoned (-4 -> -40), spider-form, wereblooded
A: venomous fangs, almost no armour, (amphibious), 8 rings, tiny, (camouflage
1), (gelatinous body 1), (nimble swimmer 1), (tentacles)
a: End Transformation, Renounce Religion, Shatter the Chains


You were on level 8 of the Dungeon.
You worshipped Ashenzari.
Ashenzari was noncommittal.
You were a venomous arachnid creature.
You visited 2 branches of the dungeon, and saw 9 of its levels.

You collected 371 gold pieces.

Inventory:

Missiles
 u - 5 boomerangs
Jewellery
 t - the cursed ring of the Omniscient Levity (left front pincers) {Dex+6, Bglg, Elem}
   (You found it on level 7 of the Dungeon)

   [ring of dexterity]

   Dex:       It affects your dexterity (+6).
   It has a curse which improves the following skills: Beguiling: Conjurations,
   Hexes and Translocations.
   Elements:  Fire Magic, Ice Magic, Air Magic and Earth Magic.
Wands
 j - a wand of polymorph (10)
 s - a wand of light (3)
Scrolls
 b - 2 scrolls of enchant weapon
 c - 3 scrolls of fear
 f - 12 scrolls of teleportation
 l - 4 scrolls of immolation
 m - 2 scrolls of amnesia {unknown}
 n - 2 scrolls of magic mapping
 o - a scroll of brand weapon {unknown}
 q - a scroll of noise
 r - 2 scrolls of fog {unknown}
Potions
 a - 3 potions of lignification
 d - 2 potions of brilliance
 e - 8 potions of curing
 g - a potion of heal wounds {unknown}
 h - 3 potions of attraction {unknown}
 i - a potion of mutation {unknown}
 k - 2 potions of flight {unknown}
 p - 2 potions of haste {unknown}


   Skills:
 - Level 1.0 Fighting
 - Level 2.0 Dodging
 - Level 8.0 Stealth
 * Level 9.3 Unarmed Combat
 - Level 4.0 Spellcasting
 + Level 6.4 Transmutations
 - Level 1.0(1.2) Ice Magic
 - Level 4.0 Poison Magic


You had 6 spell levels left.
You knew the following spells:

 Your Spells              Type           Power      Damage    Failure   Level
a - Beastly Appendage     Tmut           56%        N/A       5%          1
b - Wereblood             Tmut           28%        N/A       7%          2
c - Spider Form           Tmut/Pois      23%        N/A       14%         3
d - Ice Form              Ice/Tmut       18%        N/A       50%         4

Your spell library contained the following spells:

 Spells                   Type           Power      Damage    Failure   Level
 Passwall                 Tmut/Erth      13%        N/A       16%         2
 Sandblast                Erth           6%         2d5       32%         1
 Ensorcelled Hibernation  Hex/Ice        12%        N/A       34%         2
 Stone Arrow              Conj/Erth      6%         3d7       61%         3
 Swiftness                Air            3%         N/A       61%         3


Dungeon Overview and Level Annotations

Branches:
Dungeon (8/15)             Temple (1/1) D:4
   Lair: D:8-11

Altars:
Ashenzari
Cheibriados
Dithmenos
Elyvilon
Fedhas
Gozag
Hepliaklqana
Kikubaaqudgha
Makhleb
Nemelex Xobeh
Okawaru
Qazlal
Ru
Sif Muna
Trog
Uskayaw
Vehumet
Wu Jian
Xom
Yredelemnul
Zin
The Shining One

Shops:
D:5 :   D:8 *

Annotations:
D:5 2 transporters, Tenz's ghost, amateur DrIE
D:8 Erica


Innate Abilities, Weirdness & Mutations

You are a venomous arachnid creature.
You have venomous fangs.
You are tiny and dextrous.
Your spellcasting is less reliable in this form.
Your armour is entirely melded.
You are incapable of wielding weapons or throwing items.
You cannot wear most types of armour.
((You are amphibious.))
You can wear up to eight rings at the same time.
((Your skin changes colour to match your surroundings (Stealth+).))
((Your rubbery body absorbs attacks. (AC +1, EV +1)))
((You are camouflaged when in or above water. (Stealth+)))
((You have tentacles for arms and can constrict up to eight enemies at once.))


Message History

The gnoll is heavily wounded.
You bite the gnoll!
You kill the gnoll!
The gnoll sergeant completely misses you.
You barely miss the gnoll sergeant.
The gnoll sergeant hits you with a +0 trident!
You hit the gnoll.
The gnoll is lightly wounded.
The gnoll misses you.
The gnoll sergeant hits you with a +0 trident.
You hit the gnoll.
The gnoll is poisoned.
The gnoll is moderately wounded.
The gnoll barely misses you. The gnoll hits you with a +0 whip!
The gnoll sergeant completely misses you.
You bite the gnoll!
You feel a bit better.
You kill the gnoll!
The gnoll hits you from afar with a +0 spear.
The gnoll sergeant closely misses you.
You bite the gnoll sergeant!
The gnoll sergeant is poisoned.
The gnoll sergeant is moderately wounded.
You hit the gnoll sergeant.
The gnoll sergeant looks as sick as possible!
The gnoll sergeant is heavily wounded.
You hiss as the wereblood boils in your veins!
Erica the Fiery-Tempered comes into view.
She is wielding a +0 scimitar of flaming and wearing a +2 robe of resistance.
The gnoll completely misses you. The gnoll sergeant barely misses you.
You hit the gnoll sergeant.
You feel a bit better.
You kill the gnoll sergeant!
The gnoll closely misses you.
Items here: )) / †.
You bite Erica!
Erica is lightly wounded.
The gnoll completely misses you.
You bite Erica!
Erica is poisoned.
Erica is moderately wounded.
The gnoll hits you from afar with a +0 spear.
Erica casts a spell at you. The bolt of poison hits you!!!
You are lethally poisoned!
Ouch! That really hurt!
You die...

###..#....####..##
#[...)...###8..####
...................
#.........8<∩.8.#
#.##...#.......## #
#........8..#
##.##.......# #$
##....)####.#.. #.
##...)s@g.....
#.#######.#.. #.#
#.# #.


You could see Erica (very poisoned) and a gnoll.

Vanquished Creatures
  Pikel (D:6)
  Sigmund (D:6)
  A wyvern (D:7)
  A steam dragon (D:8)
  Edmund (D:6)
  A water moccasin (D:7)
  A black bear (D:6)
  2 ice beasts
  2 sky beasts
  An ogre (D:3)
  4 lemures (D:6)
  A phantom (D:5)
  2 bullfrogs (D:7)
  A gnoll sergeant (D:8)
  A scorpion (D:6)
  Blork the orc (D:6)
  2 necrophages
  6 wights
  2 jellies
  Jessica (D:2)
  3 iguanas
  2 orc wizards (D:7)
  Robin (D:2)
  10 gnolls
  5 adders
  A shadow imp (D:5)
  A white imp (D:7)
  2 worms (D:2)
  2 dart slugs
  10 orcs
  6 ball pythons
  7 bats
  6 endoplasms
  4 giant cockroaches
  16 goblins
  17 hobgoblins
  5 jackals
  4 quokkas
  3 frilled lizards
  8 kobolds
  8 rats
154 creatures vanquished.

Notes
Turn   | Place    | Note
-------+----------+-------------------------------------------
     0 | D:1      | Crownlay the Octopode Transmuter began the quest for the
                  | Orb.
     0 | D:1      | Reached XP level 1. HP: 13/13 MP: 3/3
   105 | D:1      | Reached XP level 2. HP: 13/18 MP: 3/5
   272 | D:1      | Reached skill level 1 in Stealth
   492 | D:1      | Reached skill level 1 in Poison Magic
   496 | D:1      | Reached XP level 3. HP: 23/23 MP: 6/6
   814 | D:2      | Learned a level 2 spell: Wereblood
   818 | D:2      | Learned a level 3 spell: Spider Form
   947 | D:2      | Noticed Robin
   959 | D:2      | Reached skill level 1 in Ice Magic
   959 | D:2      | Reached XP level 4. HP: 21/28 MP: 4/7
   968 | D:2      | Killed Robin
  1063 | D:2      | Noticed Jessica
  1069 | D:2      | Killed Jessica
  1070 | D:2      | Reached skill level 4 in Unarmed Combat
  1299 | D:2      | Reached XP level 5. HP: 21/33 MP: 2/8
  2111 | D:3      | Found a faded altar of an unknown god.
  2440 | D:3      | Found a shimmering altar of Xom.
  2774 | D:3      | Reached XP level 6. HP: 38/38 MP: 6/9
  3109 | D:3      | Learned a level 4 spell: Ice Form
  3177 | D:4      | Found a staircase to the Ecumenical Temple.
  3193 | Temple   | Entered the Ecumenical Temple
  3485 | Temple   | Became a worshipper of Ashenzari the Shackled
  4040 | D:5      | Entered Level 5 of the Dungeon
  4234 | D:5      | Reached skill level 5 in Unarmed Combat
  4314 | D:5      | Reached XP level 7. HP: 8/43 MP: 8/11
  4585 | D:5      | Found a transporter.
  4616 | D:5      | Identified the +6 great mace of Poverty {heavy, rF++ Dex+2}
  4616 | D:5      | Noticed Tenz's ghost (amateur DrIE)
  4617 | D:5      | Found a transporter.
  4875 | D:5      | Found Epiniol's Vocational Training.
  5167 | D:6      | Noticed Blork the orc
  5179 | D:6      | Killed Blork the orc
  5355 | D:6      | Reached XP level 8. HP: 42/48 MP: 9/13
  5396 | D:6      | Noticed Sigmund
  5415 | D:6      | Killed Sigmund
  5416 | D:6      | Reached skill level 5 in Stealth
  5416 | D:6      | Reached skill level 6 in Unarmed Combat
  6072 | D:6      | Reached skill level 7 in Unarmed Combat
  6220 | D:6      | Noticed Pikel
  6277 | D:6      | Killed Pikel
  6278 | D:6      | Reached skill level 5 in Transmutations
  6278 | D:6      | Reached XP level 9. HP: 7/53 MP: 7/15
  6494 | D:6      | Noticed Edmund
  6507 | D:6      | Killed Edmund
  6508 | D:6      | Reached skill level 8 in Unarmed Combat
  8279 | D:7      | Reached skill level 9 in Unarmed Combat
  8776 | D:8      | Found Tobodaod's Assorted Antiques.
  8795 | D:8      | Noticed Erica
  8799 | D:8      | Killed from afar by Erica

Illustrated notes

Levels and vault maps discovered:
D:1:      elethiomel_arrival_maze, layout_basic, minmay_pentomino_x2
D:2:      minmay_general_purpose_star, layout_basic, uniq_jessica, uniq_robin
D:3:      layout_loops_cross, nicolae_overflow_hidden_temple,
          ebering_ecumenical_altar_box, minmay_parallelograms,
          kennysheep_nondescript, minmay_cut_off
D:4:      layout_cave_pools, minmay_temple_entry_stoned_glass,
          hangedman_abyss_or_decor_lesser_grid, nicolae_elevator_lobby_plus
D:5:      layout_loops_ring, gammafunk_ghost_smash, minivault_26,
          nicolae_shop_vocational
D:6:      layout_gridville, uniq_sigmund, uniq_edmund, uniq_pikel,
          uniq_blork_the_orc
D:7:      layout_layer_cave
D:8:      due_chaos_kobolds, layout_loops_ring, serial_shops,
          nicolae_shop_statue_plus, chequers_arboretum, minivault_26,
          minivault_1, uniq_erica
Temple:   regret_index_temple_sigil_plot

Skill      XL: |  1  2  3  4  5  6  7  8  9 |
---------------+----------------------------+-----
Stealth        | 1 2 3 4 7 8 |  8.0
Poison Magic   | 1 2 3 4 |  4.0
Ice Magic      | 1 |  1.0
Unarmed Combat | 4 5 7 9 |  9.3
Transmutations | 3 4 5 6 |  6.4
Spellcasting   | 3 4 |  4.0
Fighting       | |  1.0
Dodging        | |  2.0

Action                     |  1- 3 |  4- 6 |  7- 9 || total
---------------------------+-------+-------+-------++-------
  Melee: Unarmed           |    71 |   150 |   213 ||   434
         Constrict         |    22 |    26 |     3 ||    51
         Tentacles         |    15 |    13 |     1 ||    29
         Kick              |    19 |    22 |     3 ||    44
         Punch             |     2 |     1 |     1 ||     4
   Cast: Beastly Appendage |    17 |    34 |    10 ||    61
         Wereblood         |     1 |     5 |    18 ||    24
         Spider Form       |       |     6 |    24 ||    30
 Invoke: Curse Item        |       |       |     1 ||     1
  Evoke: Wand              |       |       |     9 ||     9
    Use: Scroll            |       |     4 |     8 ||    12
   Stab: Sleeping          |     5 |    11 |     5 ||    21
 Armour: Skin              |     4 |    14 |    11 ||    29
  Dodge: Dodged            |    47 |    97 |   141 ||   285

Table legend: (Time is in decaauts)
 A = Elapsed time spent in this place.
 B = Non-inter-level travel time spent in this place.
 C = Inter-level travel time spent in this place.
 D = Time resting spent in this place.
 E = Time spent auto-exploring this place.
 F = Levels seen in this place.
 G = Mean time per level.
                   A        B        C        D        E       F      G
               +--------+--------+--------+--------+--------+-----+--------+
         Total |   8753 |   8535 |    218 |    215 |   6816 |   9 |  972.6 |
       Dungeon |   8443 |   8256 |    187 |    215 |   6556 |   8 | 1055.4 |
        Temple |    310 |    279 |     31 |      0 |    260 |   1 |  310.0 |
               +--------+--------+--------+--------+--------+-----+--------+

Top non-repeatable levels by time:
     D:7: 1850 daAuts
     D:6: 1587 daAuts
     D:2: 1310 daAuts
     D:5: 1104 daAuts
     D:3: 1045 daAuts
     D:1: 787 daAuts
     D:4: 572 daAuts
  Temple: 310 daAuts
     D:8: 186 daAuts
